 Dungeon Crawl Stone Soup version 0.29-a0-575-g0dc89cf053 (webtiles) character file.

Game seed: 6397675508820676854

7 spaghetti the Thrower (level 2, -1/19 HPs)
             Began as a Gnoll Wanderer on June 12, 2022.
             Slain by a kobold
             ... wielding a +0 whip
              (5 damage)
             ... on level 1 of the Dungeon.
             The game lasted 00:00:29 (320 turns).

spaghetti the Thrower (Gnoll Wanderer)               Turns: 320, Time: 00:00:29

Health: -1/19      AC:  3    Str: 10    XL:     2   Next: 4%
Magic:  2/2        EV:  8    Int:  9    God:
Gold:   0          SH: 10    Dex: 14    Spells: 1/1 levels left

rFire   . . .      SeeInvis .   a - +2 dagger {short}
rCold   . . .      Faith    .   h - +0 tower shield
rNeg    . . .      Spirit   .   f - +0 leather armour
rPois   .          Reflect  .   (no helmet)
rElec   .          Harm     .   (no cloak)
rCorr   .          Rampage  .   (no gloves)
Will    .....                   (no boots)
Stlth   ++........              (no amulet)
HPRegen 0.06/turn               (no ring)
MPRegen 0.08/turn               (no ring)

@: no status effects
A: fangs 1, strong nose, distributed training
a: no special abilities


You were on level 1 of the Dungeon.
You visited 1 branch of the dungeon, and saw 1 of its levels.


Innate Abilities, Weirdness & Mutations

You have very sharp teeth.
Your uncanny sense of smell can sniff out nearby items.
Your experience applies equally to all skills.


   Skills:
 + Level 0.2 Fighting
 + Level 0.2 Short Blades
 + Level 0.2 Long Blades
 + Level 0.2 Axes
 + Level 0.2 Maces & Flails
 + Level 0.2 Polearms
 + Level 4.4 Staves
 + Level 0.2 Slings
 + Level 0.2 Bows
 + Level 0.2 Crossbows
 + Level 10.4 Throwing
 + Level 0.2 Armour
 + Level 4.4 Dodging
 + Level 2.2 Stealth
 + Level 0.2 Shields
 + Level 0.2 Unarmed Combat
 + Level 0.2 Spellcasting
 + Level 0.1 Conjurations
 + Level 0.1 Hexes
 + Level 0.1 Summonings
 + Level 0.1 Necromancy
 + Level 0.1 Translocations
 + Level 0.1 Transmutations
 + Level 0.1 Fire Magic
 + Level 0.1 Ice Magic
 + Level 0.1 Air Magic
 + Level 0.1 Earth Magic
 + Level 0.1 Poison Magic
 + Level 0.3 Invocations
 + Level 0.2 Evocations


You had one spell level left.
You didn't know any spells.
Your spell library was empty.

Inventory:

Hand Weapons
 a - a +2 dagger (weapon) {short}
 c - a +0 quarterstaff {staff}
Missiles
 b - 2 curare-tipped darts {=fthrowing}
 g - 24 stones (quivered) {throwing}
Armour
 f - a +0 leather armour (worn)
 h - a +0 tower shield (worn)
   (You found it on level 1 of the Dungeon)
Potions
 d - a potion of curing {@q1}
 e - a potion of might

Dungeon Overview and Level Annotations

Branches:
Dungeon (1/15)

Altars:

.... #..)####......
........###.....#.....#
......................#
........._.....#......
####....................
........................
........................
............†...........
......†@...........#####
.......K...##########...
...........# ###....
.......(..(# ###.....#
.......#...# ##.......#
.......#..?####.......##
...........##.........#
...........###........#
###......##


You could see a kobold.


Message History

There is a stone staircase leading down here.
Key pressed, stopping explore.
Found a stone staircase leading down.
There is a stone staircase leading down here.
Found a faded altar of an unknown god.
A ball python comes into view.
A ball python is nearby!
A ball python is nearby!
You throw a stone {throwing}.
The stone {throwing} hits the ball python!
You kill the ball python!
No target in view!
No target in view!
No target in view!
No target in view!
No target in view!
No target in view!
A goblin comes into view. It is wielding a +0 club.
A goblin is nearby!
A goblin is nearby!
You throw a stone {throwing}.
The stone {throwing} closely misses the goblin.
You throw a stone {throwing}.
The stone {throwing} closely misses the goblin.
You hit the goblin. You block the goblin's attack.
You hit the goblin.
You kill the goblin!
No target in view!
No target in view!
No target in view!
No target in view!
No target in view!
No target in view!
No target in view!
No target in view!
No target in view!
No target in view!
No target in view!
No target in view!
No target in view!
No target in view!
No target in view!
No target in view!
A dart slug comes into view.
The dart slug launches a dart at you. The slug dart hits you.
Things that are here:
a +0 club {mace}; a goblin corpse; 😕 HP[-3]
You take 3 damage, and now have 10/13 hp.
MASSIVE DAMAGE!! (PAUSE) Throw: 3 darts (curare) {=fthrowing}
Press: ? - help, Shift-Dir - straight line, f - dart slug
Aim: a dart slug (94% to hit)
You throw a curare-tipped dart {=fthrowing}.
The curare-tipped dart {=fthrowing} hits the dart slug.
The dart slug is poisoned.
The dart slug convulses.
The dart slug seems to slow down.
The dart slug launches a dart at you. The slug dart hits you. 😮 HP[-1]
You take 1 damage, and now have 9/13 hp.
You feel a bit more experienced.
You start resting. 😎 HP[+4]
Your hp is fully restored (13).
Things that are here:
a +0 club {mace}; a goblin corpse
g - 24 stones {throwing} (gained 1)
b - 3 curare-tipped darts {=fthrowing} (gained 1)
You see here a dart slug corpse.
A hobgoblin comes into view.
A hobgoblin is nearby!
The hobgoblin shouts!
You hear a shout!
A kobold comes into view. It is wielding a +0 whip.
You barely miss the hobgoblin. The hobgoblin hits you. 😮 HP[-4]
You take 4 damage, and now have 9/13 hp.
MASSIVE DAMAGE!! (PAUSE)
You hit the hobgoblin but do no damage. The hobgoblin hits you.
The hobgoblin barely misses you. 😮 HP[-2]
You take 2 damage, and now have 7/13 hp.
You hit the hobgoblin.
You bite the hobgoblin, but do no damage.
The hobgoblin barely misses you.
You hit the hobgoblin.
You kill the hobgoblin!
The kobold hits you with a +0 whip.
* * * LOW HITPOINT WARNING * * *
You have reached level 2! 😱 HP[-3] MP[+1]
You now have 19 max hp (+6).
Your mp is fully restored (2).
You completely miss the kobold. You block the kobold's attack.
Throw: 3 darts (curare) {=fthrowing}
Press: ? - help, Shift-Dir - straight line, f - kobold
Aim: a kobold, wielding a +0 whip and quivering stones (58% to hit)
You throw a curare-tipped dart {=fthrowing}.
The curare-tipped dart {=fthrowing} barely misses the kobold.
The kobold hits you with a +0 whip.
You die...

Skill      XL: | |
---------------+-+-----
Throwing       | | 10.4
Fighting       | |  0.2
Short Blades   | |  0.2
Long Blades    | |  0.2
Axes           | |  0.2
Maces & Flails | |  0.2
Polearms       | |  0.2
Staves         | |  4.4
Slings         | |  0.2
Bows           | |  0.2
Crossbows      | |  0.2
Armour         | |  0.2
Dodging        | |  4.4
Stealth        | |  2.2
Shields        | |  0.2
Unarmed Combat | |  0.2
Spellcasting   | |  0.2
Conjurations   | |  0.1
Hexes          | |  0.1
Summonings     | |  0.1
Necromancy     | |  0.1
Translocations | |  0.1
Transmutations | |  0.1
Fire Magic     | |  0.1
Ice Magic      | |  0.1
Air Magic      | |  0.1
Earth Magic    | |  0.1
Poison Magic   | |  0.1
Invocations    | |  0.3
Evocations     | |  0.2

Action                   || total
-------------------------++-------
Melee: Dagger            ||    11
       Bite              ||     1
Throw: Stone             ||     3
       Dart              ||     2
Armor: Leather armour    ||     2
Dodge: Dodged            ||     4
Block: Tower shield      ||     2

Levels and vault maps discovered:
D:1:      dpeg_arrival_arbitrary_a, layout_basic, serial_shops, shop,
          basic_ecumenical_altar

Notes
Turn   | Place    | Note
-------+----------+-------------------------------------------
     0 | D:1      | Reached skill level 10 in Throwing
     0 | D:1      | spaghetti the Gnoll Wanderer began the quest for the Orb.
     0 | D:1      | spaghetti set off with the following items: a +2 dagger
                  | {short}, 3 curare-tipped darts {=fthrowing}, a +0
                  | quarterstaff {staff}, a potion of curing {@q1}, a potion of
                  | might, a +0 leather armour
     0 | D:1      | Reached XP level 1. HP: 13/13 MP: 1/1
     0 | D:1      | magus.rc [v1.9.6]
   187 | D:1      | Found a faded altar of an unknown god.
   318 | D:1      | HP: 2/13 [kobold/+0 whip (5)]
   319 | D:1      | Reached XP level 2. HP: 4/19 MP: 2/2
   320 | D:1      | Slain by a kobold

Vanquished Creatures
  A dart slug (D:1)
  A goblin (D:1)
  2 hobgoblins (D:1)
  A ball python (D:1)
5 creatures vanquished.

Table legend:
 A = Non-vault XP
 B = Vault XP
 C = Vault XP percentage of total XP
 D = Non-vault monster count
 E = Vault monster count
 F = Vault count percentage of total count
                 A         B        C        D         E       F
            +---------+---------+-------+---------+---------+-------
      Total |      11 |       0 |   0.0 |       5 |       0 |   0.0
            +---------+---------+-------+---------+---------+-------
        D:1 |      11 |       0 |   0.0 |       5 |       0 |   0.0
            +---------+---------+-------+---------+---------+-------

Illustrated notes

Table legend:
 A = Kills in this place as a percentage of kills in entire the game.
 B = Kills by you in this place as a percentage of kills by you in the entire game.
 C = Kills by friends in this place as a percentage of kills by friends in the entire game.
 D = Other kills in this place as a percentage of other kills in the entire game.
 E = Experience gained in this place as a percentage of experience gained in the entire game.
 F = Experience gained in this place divided by the number of levels of this place that you have seen.
                   A       B       C       D       E      F
               +-------+-------+-------+-------+-------+----------------------
         Total | 100.0 | 100.0 |   N/A |   N/A | 100.0 |  11.0
       Dungeon | 100.0 | 100.0 |   N/A |   N/A | 100.0 |  11.0
               +-------+-------+-------+-------+-------+----------------------

Table legend: (Time is in decaauts)
 A = Elapsed time spent in this place.
 B = Non-inter-level travel time spent in this place.
 C = Inter-level travel time spent in this place.
 D = Time resting spent in this place.
 E = Time spent auto-exploring this place.
 F = Levels seen in this place.
 G = Mean time per level.
                   A        B        C        D        E       F      G
               +--------+--------+--------+--------+--------+-----+--------+
         Total |    323 |    295 |     28 |     98 |    156 |   1 |  323.0 |
       Dungeon |    323 |    295 |     28 |     98 |    156 |   1 |  323.0 |
               +--------+--------+--------+--------+--------+-----+--------+

Top non-repeatable levels by time:
     D:1: 323 daAuts
